 Dungeon Crawl Stone Soup version 0.16-a0-3724-gf14d081 (webtiles) character file.

12484 vatarom the Thaumaturge (level 11, -8/82 HPs)
             Began as a Yellow Draconian Conjurer on Jan 21, 2015.
             Was a Believer of Vehumet.
             Mangled by a red ugly thing (22 damage)
             ... on level 12 of the Dungeon.
             The game lasted 00:53:26 (14625 turns).

vatarom the Thaumaturge (DrCj)                     Turns: 14625, Time: 00:53:26

Health: -8/82      AC: 11    Str: 15    XL:     11   Next: 63%
Magic:  19/29      EV: 15    Int: 22    God:    Vehumet [**....]
Gold:   617        SH:  0    Dex: 14    Spells: 8 memorised, 7 levels left

rFire  . . .     SeeInvis .     f - +3 falchion (slice)
rCold  . . .     Clarity  .     (armour unavailable)
rNeg   + + .     SustAb   .     (no shield)
rPois  .         Gourm    .     (helmet restricted)
rElec  .         Spirit   .     v - +0 cloak
rCorr  +         Warding  .     t - +1 pair of gloves of Chuxkior {+Blink rN++ Str+3 Int+4}
rMut   .         Stasis   .     n - +0 pair of boots
MR     +....                    (no amulet)
Stlth  ++........               g - +3 ring of dexterity
                                a - +3 ring of evasion

@: somewhat resistant to hostile enchantments, unstealthy
A: spit acid, acid resistance, unfitting armour, magic resistance 1,
cold-blooded, placid magic 1, AC +7
a: Spit Acid, Renounce Religion, Evoke Blink


You were on level 12 of the Dungeon.
You worshipped Vehumet.
Vehumet was pleased with you.
You were very full.

You visited 2 branches of the dungeon, and saw 13 of its levels.

You collected 617 gold pieces.

Inventory:

Hand weapons
 b - a +0 whip
 d - a cursed +0 dagger
 f - a +3 falchion of slicing (weapon)
 l - a cursed +0 short sword of venom
 D - a +0 blowgun
 S - the +6 spear of the Botono {reap, rPois+ rN+ HP-6}
   (You found it on level 10 of the Dungeon)

   If a monster killed with it leaves a corpse in good enough shape, the corpse
   will be animated as a zombie friendly to the killer.
   It protects you from poison.
   It protects you from negative energy.
   It affects your health (-6).
Missiles
 A - 10 curare-tipped needles
 E - 11 poisoned needles
Armour
 e - a +2 pair of gloves
 n - a +0 pair of boots (worn)
 t - the +1 pair of gloves of Chuxkior (worn) {+Blink rN++ Str+3 Int+4}
   (You found it on level 4 of the Dungeon)

   It affects your strength (+3).
   It affects your intelligence (+4).
   It greatly protects you from negative energy.
   It lets you blink.
 v - a +0 cloak (worn)
Magical staves
 q - an uncursed staff of earth
Jewellery
 a - a +3 ring of evasion (left hand)
 g - a +3 ring of dexterity (right hand)
 h - an uncursed ring of fire
 j - an uncursed ring of protection from cold
 x - an uncursed ring of positive energy
 H - a +3 ring of dexterity
 J - a cursed ring of teleportation
 P - an uncursed ring of flight
Magical devices
 s - a wand of fireball (0)
 y - a wand of magic darts (16)
 C - a wand of confusion (14)
 G - a wand of fireball (4)
 I - a wand of paralysis (13)
 L - a wand of lightning (0)
 N - a wand of confusion (18)
 Q - a wand of polymorph (5)
Scrolls
 i - 2 scrolls of magic mapping
 k - 4 scrolls of remove curse
 m - a scroll of fog
 B - a scroll of recharging
 M - 2 scrolls of identify
Potions
 o - 5 potions of brilliance
 u - 2 potions of cancellation
 w - a potion of might
 U - a potion of restore abilities
Books
 c - a book of Conjurations

   Spells                             Type                      Level
   a - Magic Dart                     Conjuration                  1
   b - Searing Ray                    Conjuration                  2
   c - Dazzling Spray                 Conjuration/Hexes            3
   d - Fulminant Prism                Conjuration/Hexes            4
   e - Iskenderun's Mystic Blast      Conjuration                  4
   f - Iskenderun's Battlesphere      Conjuration/Charms           5
 p - a book of Frost

   Spells                             Type                      Level
   a - Freeze                         Ice                          1
   b - Throw Frost                    Conjuration/Ice              2
   c - Ozocubu's Armour               Charms/Ice                   3
   d - Throw Icicle                   Conjuration/Ice              4
   e - Summon Ice Beast               Ice/Summoning                4
   f - Condensation Shield            Ice                          4
 O - a book of Unlife

   Spells                             Type                      Level
   a - Recall                         Summoning/Translocation      3
   b - Animate Dead                   Necromancy                   4
   c - Control Undead                 Necromancy                   4
   d - Cigotuvi's Embrace             Necromancy                   5
   e - Death Channel                  Necromancy                   6
   f - Simulacrum                     Ice/Necromancy               6
 T - a book of Control

   Spells                             Type                      Level
   a - Control Teleport               Charms/Translocation         4
   b - Control Undead                 Necromancy                   4
   c - Enslavement                    Hexes                        4
   d - Metabolic Englaciation         Hexes/Ice                    5
   e - Mass Confusion                 Hexes                        6
Miscellaneous
 R - a phantom mirror
Comestibles
 r - 3 fruits
 F - 2 beef jerkies
 K - 5 slices of pizza


   Skills:
 - Level 3.6 Fighting
 - Level 1.7 Dodging
 - Level 1.7 Stealth
 - Level 10.4 Spellcasting
 + Level 10.0 Conjurations
 - Level 4.0 Hexes
 - Level 6.2 Charms
 * Level 7.8 Fire Magic


You had 7 spell levels left.
You knew the following spells:

 Your Spells              Type           Power        Failure   Level  Hunger
a - Magic Dart            Conj           ####         0%          1    None
b - Searing Ray           Conj           #####.       1%          2    None
c - Dazzling Spray        Conj/Hex       ####....     1%          3    None
d - Iskenderun's Mystic   Conj           #####...     1%          4    #......
e - Fulminant Prism       Conj/Hex       ####......   1%          4    #......
f - Iskenderun's Battles  Conj/Chrm      ####....     3%          5    ####...
g - Flame Tongue          Conj/Fire      ####.        1%          1    None
h - Inner Flame           Hex/Fire       ####....     1%          3    None


Dungeon Overview and Level Annotations

Branches:
Dungeon (12/15)            Temple (1/1) D:7            Lair (0/8) D:11
    Orc (0/4) D:11

Altars:
Ashenzari
Cheibriados
Dithmenos
Elyvilon
Fedhas
Gozag
Kikubaaqudgha
Makhleb
Nemelex Xobeh
Okawaru
Qazlal
Ru
Sif Muna
Trog
Vehumet
Xom
Yredelemnul
Zin
The Shining One

Shops:
D:10 (

Annotations:
D:10 Eustachio


Innate Abilities, Weirdness & Mutations

You can spit globs of acid.
You can corrode armour when you spit acid.
You are resistant to acid.
Your golden yellow scales are hard (AC +7).
Your body does not fit into most forms of armour.
Your cold-blooded metabolism reacts poorly to cold.
You are resistant to hostile enchantments.
Your spells are a little easier to cast, but a little less powerful.


Message History

Casting: Magic Dart
Confirm with . or Enter, or press ? or * to list all spells.
Aiming: Magic Dart
Press: ? - help, Shift-Dir - straight line, f/p - red ugly thing
Aim: a red ugly thing (moderately wounded, blind)
The magic dart hits the red ugly thing.
The red ugly thing is moderately wounded.
Your battlesphere fires!
The barrage of energy hits the red ugly thing.
The red ugly thing is moderately wounded.
The red ugly thing punches you!
You are engulfed in flames!!
* * * LOW HITPOINT WARNING * * *
The red ugly thing is no longer blind.
Read which item? (? for menu, Esc to quit)
Okay, then.
Unknown command.
The red ugly thing punches you.
* * * LOW HITPOINT WARNING * * *
You are engulfed in flames!!
You die...

**,*
##.##########.......
*,,* #..# *..<....
*,** ##.# ****###*
#.# #.### #.# #...#
####.## ###.# #.....#
######.## #.....#
#.......# #.....#
#..u@...# #>....###
#.*.....#
#.......#####.......#
......#.............#
#.....#######.......#
#.....# #.......#
#...*.# #.......#
####### #########


You could see a red ugly thing.

Vanquished Creatures
  A hydra (D:12)
  An unseen horror (D:11)
  An ugly thing (D:11)
  Maurice (D:10)
  A komodo dragon (D:11)
  A troll (D:10)
  Sonja (D:10)
  Grinder (D:6)
  Prince Ribbit (D:6)
  3 two-headed ogres
  A wraith (D:12)
  12 yaks
  A steam dragon (D:11)
  A shadow (D:11)
  3 hippogriffs
  A hungry ghost (D:8)
  A human (D:8)
  2 water moccasins
  A wasp (D:10)
  An orc warrior (D:10)
  5 ice beasts
  2 sky beasts
  6 phantoms
  A necrophage (D:8)
  The ghost of Ybris the Poker, an average OpFi (D:3)
  2 ogres
  2 big kobolds
  Blork the orc (D:8)
  7 giant frogs
  6 killer bees
  A wyvern skeleton (D:10)
  4 scorpions
  A water moccasin skeleton (D:5)
  2 oklob saplings (D:8)
  18 wights
  A quasit (D:8)
  A wasp zombie (D:9)
  A crimson imp (D:8)
  2 giant frog zombies
  5 goliath beetles
  5 orc wizards
  7 orc priests
  5 centaur skeletons
  15 worker ants
  A giant frog skeleton (D:12)
  3 jellies
  Natasha (thrice) (D:6)
  5 hounds
  An iguana (D:5)
  A killer bee zombie (D:10)
  4 sheep (D:8)
  Ijyb (D:7)
  A hound skeleton (D:7)
  2 mummies
  A worker ant zombie (D:9)
  4 gnolls (D:3)
  15 adders
  A shadow imp (D:5)
  5 worms
  An ooze (D:3)
  35 orcs
  15 bats
  3 bat skeletons
  A bat zombie (D:5)
  7 giant cockroaches
  16 hobgoblins
  13 jackals
  18 kobolds
  8 quokkas
  8 ball pythons
  9 giant geckos
  A giant gecko skeleton (D:4)
  A giant gecko zombie (D:6)
  5 giant newts
  2 giant spores (D:8)
  18 goblins
  15 rats
  7 ballistomycetes (D:8)
  5 plants (D:8)
373 creatures vanquished.

Vanquished Creatures (collateral kills)
  A centaur skeleton (D:11)
1 creature vanquished.

Vanquished Creatures (others)
  24 fulminant prisms
  A killer bee zombie (D:11)
  2 giant spores
  A hobgoblin zombie (D:11)
  An orc zombie (D:11)
  A rat (D:8)
  A wandering mushroom (D:9)
  A plant (D:11)
32 creatures vanquished.

Grand Total: 406 creatures vanquished

Notes
Turn   | Place    | Note
--------------------------------------------------------------
     0 | D:1      | vatarom, the Draconian Conjurer, began the quest for the Orb.
     0 | D:1      | Reached XP level 1. HP: 14/14 MP: 3/3
   440 | D:1      | Reached XP level 2. HP: 15/20 MP: 5/5
   855 | D:1      | Learned a level 2 spell: Searing Ray
  1226 | D:2      | Reached XP level 3. HP: 10/26 MP: 1/8
  1408 | D:2      | Learned a level 3 spell: Dazzling Spray
  1809 | D:2      | Reached XP level 4. HP: 3/33 MP: 1/9
  2104 | D:2      | Reached skill level 5 in Conjurations
  2328 | D:3      | Found a basalt altar of Yredelemnul.
  2364 | D:3      | Noticed Ybris' ghost (average OpFi)
  2372 | D:3      | Killed Ybris' ghost
  2372 | D:3      | Reached XP level 5. HP: 31/38 MP: 4/11
  2437 | D:3      | Reached skill level 6 in Conjurations
  2594 | D:3      | Reached XP level 6. HP: 7/45 MP: 2/13
  2951 | D:3      | Found a shadowy altar of Dithmenos.
  3213 | D:4      | Reached skill level 7 in Conjurations
  4027 | D:4      | Gained mutation: You are resistant to hostile enchantments. [potion of mutation]
  4027 | D:4      | Gained mutation: You have large cloven feet. [potion of mutation]
  4027 | D:4      | Lost mutation: You have large cloven feet. [potion of mutation]
  4059 | D:4      | Learned a level 4 spell: Iskenderun's Mystic Blast
  4147 | D:4      | Reached skill level 8 in Conjurations
  4147 | D:4      | Your scales start taking on a golden yellow colour.
  4147 | D:4      | Reached XP level 7. HP: 36/50 MP: 3/14
  4306 | D:4      | Found a sacrificial altar of Ru.
  4314 | D:4      | Got a pair of brightly glowing gloves
  4325 | D:4      | Identified the +1 pair of gloves of Chuxkior {+Blink rN++ Str+3 Int+4} (You found it on level 4 of the Dungeon)
  4352 | D:4      | Found a blossoming altar of Fedhas.
  4656 | D:5      | Entered Level 5 of the Dungeon
  5388 | D:5      | Found a shimmering altar of Xom.
  5396 | D:5      | Found a bloodstained altar of Trog.
  5594 | D:5      | Found a glowing golden altar of the Shining One.
  5595 | D:5      | Found a sparkling altar of Nemelex Xobeh.
  5687 | D:6      | Noticed Grinder
  5702 | D:6      | Paralysed by Grinder for 5 turns
  5709 | D:6      | Killed Grinder
  5709 | D:6      | Reached skill level 5 in Spellcasting
  5709 | D:6      | Reached XP level 8. HP: 51/57 MP: 9/21
  5782 | D:6      | Found an iron altar of Okawaru.
  5806 | D:6      | Noticed Natasha
  5823 | D:6      | Killed Natasha
  5933 | D:6      | Learned a level 4 spell: Fulminant Prism
  5962 | D:6      | Reached skill level 1 in Hexes
  6044 | D:6      | Noticed Natasha
  6047 | D:6      | Noticed Prince Ribbit
  6056 | D:6      | Killed Natasha
  6338 | D:6      | Killed Prince Ribbit
  6508 | D:6      | Reached skill level 1 in Fighting
  6539 | D:6      | Noticed Natasha
  6543 | D:6      | Killed Natasha
  6840 | D:7      | Found a staircase to the Ecumenical Temple.
  6893 | Temple   | Entered the Ecumenical Temple
  6936 | Temple   | Became a worshipper of Vehumet
  7091 | D:7      | Found a burning altar of Makhleb.
  7097 | D:7      | Reached XP level 9. HP: 48/70 MP: 18/23
  7120 | D:7      | Learned a level 5 spell: Iskenderun's Battlesphere
  7167 | D:7      | Noticed Ijyb
  7173 | D:7      | Killed Ijyb
  7209 | D:7      | Reached skill level 1 in Charms
  7611 | D:7      | Gained mutation: You are agile. (Dex +2) [potion of mutation]
  7611 | D:7      | Gained mutation: You are robust (+10% HP). [potion of mutation]
  7611 | D:7      | Gained mutation: You have difficulty communicating with the divine. [potion of mutation]
  7726 | D:8      | Noticed Blork the orc
  7734 | D:8      | Killed Blork the orc
  7759 | D:8      | Acquired Vehumet's first power
  7759 | D:8      | Offered knowledge of Sting by Vehumet.
  7900 | D:8      | Reached skill level 5 in Charms
  7906 | D:8      | Found a shattered altar of Ashenzari.
  7998 | D:8      | Found a blossoming altar of Fedhas.
  9513 | D:9      | Reached XP level 10. HP: 80/84 MP: 17/25
 10148 | D:9      | Reached skill level 9 in Spellcasting
 10858 | D:10     | Entered Level 10 of the Dungeon
 10875 | D:10     | Reached skill level 10 in Spellcasting
 11131 | D:10     | Offered knowledge of Flame Tongue by Vehumet.
 11138 | D:10     | Learned a level 1 spell: Flame Tongue
 11194 | D:10     | Reached skill level 1 in Fire Magic
 11210 | D:10     | Noticed Sonja
 11220 | D:10     | Found Rialedgh's Weapon Shoppe.
 11467 | D:10     | Killed Sonja
 11927 | D:10     | HP: 3/78 [poisoned by a killer bee]
 12143 | D:11     | Found a staircase to the Orcish Mines.
 12144 | D:11     | Noticed a brown ugly thing
 12157 | D:11     | Killed a brown ugly thing
 12157 | D:11     | Reached XP level 11. HP: 30/90 MP: 16/29
 12289 | D:11     | Gained mutation: You are resistant to electric shocks. [mutagenic meat]
 12290 | D:11     | Gained mutation: You can spit poison. [mutagenic meat]
 12291 | D:11     | Gained mutation: Your spells are a little easier to cast, but a little less powerful. [mutagenic meat]
 12519 | D:11     | Noticed Maurice
 12520 | D:11     | Lost mutation: You have difficulty communicating with the divine. [potion of cure mutation]
 12520 | D:11     | Lost mutation: You are agile. (Dex +2) [potion of cure mutation]
 12520 | D:11     | Lost mutation: You are robust (+10% HP). [potion of cure mutation]
 12520 | D:11     | Lost mutation: You can spit poison. [potion of cure mutation]
 12520 | D:11     | Lost mutation: You are resistant to electric shocks. [potion of cure mutation]
 12524 | D:11     | Noticed a green ugly thing
 12853 | D:11     | Killed an unseen horror
 12853 | D:11     | Reached skill level 5 in Fire Magic
 13051 | D:10     | Killed Maurice
 13264 | D:10     | Noticed Eustachio
 13601 | D:11     | Found a staircase to the Lair.
 13796 | D:11     | Offered knowledge of Inner Flame by Vehumet.
 13803 | D:11     | Learned a level 3 spell: Inner Flame
 14189 | D:12     | Noticed a four-headed hydra
 14197 | D:12     | Killed a four-headed hydra
 14197 | D:12     | Reached skill level 10 in Conjurations
 14249 | D:12     | HP: 4/82 [red ugly thing (17)]
 14625 | D:12     | Mangled by a red ugly thing

Action                   |  1- 3 |  4- 6 |  7- 9 | 10-12 || total
-------------------------+-------+-------+-------+-------++-------
Melee: Dagger            |    95 |       |       |       ||    95
       Unarmed           |    11 |       |       |       ||    11
       Whip              |    34 |     5 |       |       ||    39
       Short sword       |       |    63 |       |       ||    63
       Falchion          |       |    79 |   545 |   202 ||   826
       Staff             |       |       |     9 |       ||     9
       Spear             |       |       |       |    41 ||    41
 Fire: Blowgun           |       |       |       |    15 ||    15
 Cast: Magic Dart        |    14 |    24 |    17 |    48 ||   103
       Searing Ray       |     5 |     6 |    11 |    21 ||    43
       Dazzling Spray    |     2 |     7 |    18 |    27 ||    54
       Iskenderun's Myst |       |     1 |    21 |    48 ||    70
       Fulminant Prism   |       |       |     9 |    15 ||    24
       Iskenderun's Batt |       |       |     1 |    13 ||    14
       Flame Tongue      |       |       |       |    17 ||    17
 Abil: Spit Acid         |       |       |    15 |    12 ||    27
Evoke: Wand              |       |       |     3 |       ||     3
  Use: Scroll            |     7 |     4 |     6 |     9 ||    26
       Potion            |     1 |     4 |     7 |     3 ||    15
 Stab: Sleeping          |     1 |     2 |    11 |     2 ||    16
       Distracted        |     1 |       |       |     1 ||     2
       Invisible         |       |     2 |     1 |     1 ||     4
  Eat: Bread ration      |     1 |       |     2 |     4 ||     7
       Beef jerky        |       |     1 |       |     1 ||     2
       Chunk             |       |     1 |     5 |     4 ||    10
       Meat ration       |       |     1 |     2 |     1 ||     4
       Fruit             |       |       |     6 |     1 ||     7
       Pizza             |       |       |       |     2 ||     2
